 Dungeon Crawl Stone Soup version 0.27.1-3-gb3d3a73c9e (webtiles) character file.

Game seed: 13239261393648036189

104583 belegose the Fighter (level 16, -18/139 HPs)
             Began as a Ghoul Artificer on Oct 26, 2021.
             Was a High Priest of Okawaru.
             Demolished by Rupert (21 damage)
             ... on level 14 of the Dungeon.
             The game lasted 01:47:19 (44005 turns).

belegose the Fighter (Ghoul Artificer)             Turns: 44005, Time: 01:47:19

Health: -18/139    AC: 26    Str: 21    XL:     16   Next: 39%
Magic:  23/23      EV: 10    Int:  8    God:    Okawaru [*****.]
Gold:   644        SH:  4    Dex:  9    Spells: 15/15 levels left

rFire    . . .     SeeInvis .   a - +4 scimitar (freeze)
rCold    + . .     Faith    .   M - +0 buckler {reflect}
rNeg     + + +     Spirit   .   Y - +0 storm dragon scales
rPois    ∞         Reflect  +   O - +2 hat
rElec    +         Harm     .   (no cloak)
rCorr    .         Rampage  .   o - +2 pair of gloves
Will     ++...                  P - +2 pair of boots
Stlth    ..........             D - amulet of the acrobat
HPRegen  0.00/turn              N - ring of willpower
MPRegen  0.18/turn              j - +4 ring of protection

@: inhibited regen, studying Axes
A: claws 1, cold resistance 1, negative energy resistance 3, inhibited
regeneration, torment resistance 2
a: Renounce Religion, Heroism, Finesse


You were on level 14 of the Dungeon.
You worshipped Okawaru.
Okawaru was extremely pleased with you.
You visited 4 branches of the dungeon, and saw 23 of its levels.
You also visited: Ossuary, Ice Cave and Volcano.

You collected 2239 gold pieces.
You spent 1595 gold pieces at shops.

Inventory:

Hand Weapons
 a - a +4 scimitar of freezing (weapon)
 b - the +3 sling "Punk" {acid, rCorr}
   (You found it on level 12 of the Dungeon)

   Any ammunition fired from it is coated in acid, damaging and corroding those
   it strikes.
   rCorr:     It protects you from acid and corrosion.
 X - a +2 dagger of venom
Missiles
 f - 533 stones
 l - 75 boomerangs
 m - 43 poisoned darts
 n - 18 javelins (quivered)
 p - 6 silver boomerangs
 y - 8 silver javelins
 I - 3 throwing nets
 T - 43 sling bullets
Armour
 o - a +2 pair of gloves (worn)
 L - a +1 chain mail of willpower
 M - a +0 buckler of reflection (worn)
 O - a +2 hat (worn)
 P - a +2 pair of boots (worn)
 Q - a +2 chain mail of fire resistance
 Y - +0 storm dragon scales (worn)
Jewellery
 j - a +4 ring of protection (right hand)
 s - a ring of flight
 D - an amulet of the acrobat (around neck)
 N - a ring of willpower (left hand)
 Z - a ring of protection from fire
Wands
 c - a wand of flame (59)
 d - a wand of charming (13)
 F - a wand of digging (13)
 K - a wand of polymorph (2)
 W - a wand of mindburst (1)
Scrolls
 i - 4 scrolls of enchant armour
 q - 7 scrolls of enchant weapon
 r - 5 scrolls of fear
 t - 2 scrolls of amnesia
 v - a scroll of torment
 w - 9 scrolls of teleportation
 x - 2 scrolls of identify
 C - 3 scrolls of blinking
 E - 4 scrolls of brand weapon
 G - 2 scrolls of fog
Potions
 g - 5 potions of flight
 h - 5 potions of attraction
 k - a potion of magic
 u - 3 potions of ambrosia
 z - 14 potions of curing
 A - 2 potions of invisibility
 B - 2 potions of resistance
 R - a potion of berserk rage {unknown}
 U - 3 potions of haste
 V - a potion of heal wounds
Miscellaneous
 e - a piece from Xom's chessboard (15/15)
 J - a lightning rod (1/4)


   Skills:
 + Level 11.9 Fighting
 - Level 3.0(6.7) Short Blades
 + Level 9.4(9.6) Long Blades
 + Level 5.9(8.5) Slings
 - Level 9.5(10.2) Throwing
 + Level 8.3 Armour
 + Level 8.1 Dodging
 - Level 1.1 Stealth
 - Level 4.0 Shields
 - Level 11.0 Invocations
 + Level 10.5 Evocations


You had 15 spell levels left.
You didn't know any spells.
Your spell library contained the following spells:

 Spells                   Type           Power      Damage    Failure   Level
 Apportation              Tloc           0%         N/A       97%         1
 Sandblast                Erth           0%         2d4       97%         1
 Blink                    Tloc           N/A        N/A       99%         2
 Corpse Rot               Necr/Air       N/A        N/A       99%         2
 Passwall                 Tmut/Erth      0%         N/A       99%         2
 Slow                     Hex            0%         N/A       99%         2
 Static Discharge         Conj/Air       0%         N/A       99%         2
 Confusing Touch          Hex            0%         N/A       100%        3
 Gell's Gravitas          Tloc           0%         N/A       100%        3
 Portal Projectile        Hex/Tloc       0%         N/A       100%        3
 Teleport Other           Tloc           0%         N/A       100%        3
 Vampiric Draining        Necr           0%         2d6       100%        3
 Dispel Undead            Necr           0%         3d6       100%        4
 Petrify                  Tmut/Erth      0%         N/A       100%        4
 Sticky Flame             Conj/Fire      0%         2d3       100%        4
 Excruciating Wounds      Necr           0%         N/A       100%        5
 Irradiate                Conj/Tmut      0%         3d14      100%        5
 Lee's Rapid Deconstruct  Erth           0%         3d5*      100%        5
 Manifold Assault         Tloc           0%         N/A       100%        5
 Death Channel            Necr           0%         N/A       100%        6
 Dispersal                Tloc           0%         N/A       100%        6
 Malign Gateway           Summ/Tloc      0%         N/A       100%        7
 Maxwell's Capacitive Co  Air            0%         ∞         100%        8
 Summon Horrible Things   Summ           0%         N/A       100%        8
 Chain Lightning          Conj/Air       0%         N/A       100%        9
 Sublimation of Blood     Necr           Unusable   N/A       N/A         2
 Spider Form              Tmut/Pois      Unusable   N/A       N/A         3
 Blade Hands              Tmut           Unusable   N/A       N/A         5
 Dragon Form              Tmut           Unusable   N/A       N/A         7
 Storm Form               Tmut/Air       Unusable   N/A       N/A         7

Dungeon Overview and Level Annotations

Branches:
Dungeon (14/15)            Temple (1/1) D:5            Lair (6/6) D:11
 Shoals (0/4) Lair:2       Spider (0/4) Lair:4          Orc (2/2) D:10
    Elf (0/3) Orc:2        Vaults (0/5) D:13        Ossuary (visited)
  IceCv (visited)         Volcano (visited)
  Slime: Lair:5-6

Altars:
Ashenzari
Cheibriados
Dithmenos
Gozag
Hepliaklqana
Kikubaaqudgha
Makhleb
Nemelex Xobeh
Okawaru
Ru
Sif Muna
Trog
Uskayaw
Wu Jian
Yredelemnul
The Shining One
Beogh

Shops:
D:4 ?   D:10 =   D:11 ?*(*   D:13 *   Orc:2 [:*(

Annotations:
D:3 Grinder
D:8 Joseph
D:14 Rupert
Lair:3 exclusion: 2 oklob plants
Lair:4 exclusion: oklob plant
Lair:5 exclusion: oklob plant
Orc:1 3 runed translucent doors, exclusion: 3 doors, unlimited1921's ghost, journeyman GnAM


Innate Abilities, Weirdness & Mutations

You thrive by killing the living.
You are immune to poison.
You have sharp fingernails.
Your flesh is cold resistant. (rC+)
You are immune to negative energy. (rN+++)
You do not regenerate when monsters are visible.
You are immune to unholy pain and torment.


Message History

Unknown command.
Unknown command.
Unknown command.
Blink to where?
Press: ? - help, Dir - move target, p - Rupert
As you read the scroll of blinking, it crumbles to dust.
Aiming: Iceblast
Press: ? - help, Shift-Dir - straight line, f - Rupert
Aim: Rupert, wielding a +1 great sword of holy wrath and wearing a +2 leather armour of cold resistance (severely wounded, berserk)
The mass of ice explodes!
The iceblast engulfs Rupert!!
Rupert partially resists.
Rupert is severely wounded.
Unknown command.
Aiming: Iceblast
Press: ? - help, Shift-Dir - straight line, f/p - Rupert
Aim: Rupert, wielding a +1 great sword of holy wrath and wearing a +2 leather armour of cold resistance (severely wounded, berserk)
The mass of ice explodes!
The iceblast engulfs Rupert!!
Rupert partially resists.
Rupert is almost dead.
The now-empty wand crumbles to dust.
Unknown command.
You don't have any such object.
Evoke which item? (* to show all) (? for menu, Esc to quit)
Okay, then.
Unknown command.
Unknown command.
Aiming: Thunderbolt
Press: ? - help, Shift-Dir - straight line, f/p - Rupert
Aim: Rupert, wielding a +1 great sword of holy wrath and wearing a +2 leather armour of cold resistance (almost dead, berserk)
The thunderbolt hits Rupert!
Rupert is almost dead.
Rupert rages.
Unknown command.
Aiming: Thunderbolt
Press: ? - help, Shift-Dir - straight line, f/p - Rupert
Aim: Rupert, wielding a +1 great sword of holy wrath and wearing a +2 leather armour of cold resistance (almost dead, berserk)
The thunderbolt hits Rupert!
Rupert is almost dead.
Rupert hits you with a +1 great sword of holy wrath!!
You die...

####........##.......#
#...........##.##....#
#........(..##.^..#
#........#####....#
#...>....# #....#
######.### #....# #).#
#....# ##@## #....#
#@.# #.## #.# ... ....
..... ...... .......


You could see Rupert (berserk).

Vanquished Creatures
  Saint Roka (Orc:2)
  Gastronok (D:8)
  A storm dragon (D:12)
  A stone giant (D:12)
  2 ettins (D:12)
  Snorg (Lair:4)
  A fire dragon (Volcano)
  Harold (D:10)
  A centaur warrior (D:13)
  A death knight (D:12)
  4 hydras
  2 boulder beetles
  A catoblepas (Lair:5)
  2 dancing weapons (D:13)
  4 two-headed ogres
  A tengu warrior (D:13)
  2 orc high priests
  5 sun demons (Volcano)
  2 skeletal warriors (D:12)
  A wizard (D:12)
  4 orc knights
  3 orc sorcerers (Orc:2)
  A deep elf pyromancer (D:12)
  5 ugly things
  3 ice statues (IceCv)
  A centaur zombie (D:10)
  2 smoke demons (Volcano)
  9 elephants
  A gargoyle (D:12)
  2 black mambas
  9 cane toads
  2 unseen horrors
  Maggie (D:8)
  6 komodo dragons
  A yaktaur (D:12)
  2 rime drakes
  A yaktaur (shapeshifter) (D:13)
  An entropy weaver simulacrum (IceCv)
  2 tengu conjurers (D:13)
  An anaconda simulacrum (IceCv)
  10 trolls
  6 polar bears
  24 blink frogs
  2 hornets
  4 slime creatures
  A redback (shapeshifter) (D:12)
  A centaur simulacrum (D:12)
  A redback (Lair:4)
  2 shadows
  3 wyverns
  2 water elementals
  A wraith (D:12)
  2 vampires
  A dire elephant simulacrum (IceCv)
  14 yaks
  Grum (D:8)
  10 steam dragons
  2 basilisks
  A death yak simulacrum (IceCv)
  12 vampire mosquitoes
  A warg (Orc:2)
  2 acid dragons
  5 hell hounds
  8 water moccasins
  27 orc warriors
  A sky beast (D:4)
  An ice beast (D:8)
  2 black bears
  2 necrophages
  8 ogres
  A boggart (D:12)
  7 wolves
  6 centaurs
  A phantom (Temple)
  4 kobold brigands
  A gnoll sergeant (D:9)
  11 bullfrogs
  2 scorpions
  A cane toad simulacrum (IceCv)
  A water moccasin zombie (D:6)
  A water moccasin skeleton (D:4)
  6 killer bees (D:9)
  11 wights
  A howler monkey (D:5)
  An electric eel (D:11)
  21 orc priests
  6 hounds
  2 gnoll shamans
  23 orc wizards
  2 hound skeletons
  4 mummies
  Robin (D:4)
  2 howler monkey skeletons (D:7)
  17 gnolls
  2 adders
  A white imp (D:5)
  2 ufetubi (D:3)
  3 adder zombies (Ossuary)
  3 worms
  4 dart slugs
  83 orcs
  10 ball pythons
  A bat skeleton (D:2)
  6 endoplasms
  4 giant cockroaches
  2 gnoll zombies (Ossuary)
  12 hobgoblins
  A jackal (D:1)
  5 quokkas
  A ball python zombie (D:2)
  8 bats
  2 frilled lizards (D:1)
  A giant cockroach zombie (D:2)
  17 goblins
  4 goblin zombies (Ossuary)
  A hobgoblin zombie (Ossuary)
  24 kobolds
  4 kobold zombies (Ossuary)
  A quokka skeleton (D:2)
  3 quokka zombies (Ossuary)
  2 rats
  A rat zombie (Ossuary)
590 creatures vanquished.

Vanquished Creatures (collateral kills)
  A boulder beetle (Lair:3)
  A komodo dragon (Lair:3)
  2 cane toads (Lair:3)
  2 basilisks (Lair:3)
  A hell hound (Lair:4)
  2 water moccasins (Lair:3)
  2 cane toad simulacra (IceCv)
  An orc (D:9)
12 creatures vanquished.

Vanquished Creatures (others)
  A cane toad (Lair:3)
  A black mamba (Lair:3)
  A manticore (D:12)
  A steam dragon (Volcano)
  A wolf simulacrum (IceCv)
  A jackal (D:1)
  24 fungi
  42 plants
  3 withered plants (D:2)
75 creatures vanquished.

Grand Total: 677 creatures vanquished

Notes
Turn   | Place    | Note
-------+----------+-------------------------------------------
     0 | D:1      | belegose the Ghoul Artificer began the quest for the Orb.
     0 | D:1      | Reached XP level 1. HP: 16/16 MP: 0/0
   414 | D:1      | Reached XP level 2. HP: 22/23 MP: 1/1
  1228 | D:1      | Reached XP level 3. HP: 14/29 MP: 2/2
  1543 | D:1      | Found a faded altar of an unknown god.
  1558 | D:1      | Got Plato's Tome of the Compass
  2894 | D:2      | Reached XP level 4. HP: 17/37 MP: 3/3
  3798 | D:3      | Reached skill level 1 in Throwing
  3999 | D:3      | Found a bloodstained altar of Trog.
  4033 | D:3      | Found a hazy altar of Hepliaklqana.
  4389 | D:3      | Reached XP level 5. HP: 42/42 MP: 4/4
  4854 | D:3      | Reached skill level 1 in Short Blades
  5341 | D:4      | Noticed Grinder
  5371 | D:3      | Reached XP level 6. HP: 26/51 MP: 5/5
  5710 | D:4      | Noticed a sky beast
  5766 | D:4      | Killed a sky beast
  5932 | D:4      | Noticed Robin
  6217 | D:4      | Killed Robin
  6218 | D:4      | Reached skill level 1 in Dodging
  6284 | D:3      | Paralysed by Grinder for 4 turns
  6289 | D:3      | Paralysed by Grinder for 3 turns
  6633 | D:4      | Found Paxkapp's Magic Scroll Shoppe.
  6639 | D:4      | Noticed a necrophage
  6663 | D:4      | Killed a necrophage
  6664 | D:4      | Reached XP level 7. HP: 38/58 MP: 6/6
  6816 | D:4      | Bought a scroll of identify for 20 gold pieces
  7394 | D:5      | Entered Level 5 of the Dungeon
  7498 | D:5      | Found a staircase to the Ecumenical Temple.
  7515 | Temple   | Entered the Ecumenical Temple
  7521 | Temple   | Became a worshipper of Warmaster Okawaru
  7629 | D:5      | Found a sand-covered staircase.
  7649 | Ossuary  | Entered an ossuary
  8711 | D:5      | Reached skill level 1 in Invocations
  9443 | D:5      | Found a staircase to the Ecumenical Temple.
  9477 | Temple   | Reached XP level 8. HP: 13/67 MP: 6/8
 10237 | D:6      | Reached * piety under Okawaru
 10475 | D:6      | Reached skill level 1 in Long Blades
 11073 | D:6      | Reached skill level 5 in Fighting
 11156 | D:7      | Reached skill level 5 in Evocations
 11804 | D:7      | Noticed a hornet
 11807 | D:7      | Killed a hornet
 11807 | D:7      | Reached ** piety under Okawaru
 11808 | D:7      | Reached XP level 9. HP: 54/74 MP: 10/10
 11997 | D:7      | Identified the amulet "Hoff" {Faith rC+ Str+2 Stlth+}
 12261 | D:8      | Noticed Grum
 12322 | D:8      | Noticed Gastronok
 12606 | D:8      | Noticed Maggie
 12616 | D:8      | Killed Maggie
 13103 | D:8      | Killed Grum
 13577 | D:8      | Noticed Joseph
 13820 | D:8      | Killed Gastronok
 13820 | D:8      | Reached *** piety under Okawaru
 13820 | D:8      | Received a gift from Okawaru
 13820 | D:8      | Reached **** piety under Okawaru
 13821 | D:8      | Reached skill level 5 in Throwing
 13821 | D:8      | Reached skill level 5 in Invocations
 13821 | D:8      | Reached XP level 10. HP: 51/84 MP: 10/12
 14598 | D:9      | Reached ***** piety under Okawaru
 14659 | D:9      | Received a gift from Okawaru
 15083 | D:9      | Reached skill level 5 in Dodging
 15083 | D:9      | Found a shimmering blue altar of Sif Muna.
 15962 | D:10     | Entered Level 10 of the Dungeon
 16062 | D:10     | Reached skill level 5 in Armour
 16218 | D:10     | Found a broken altar of Ashenzari.
 16229 | D:10     | Noticed a +0 spear
 16229 | D:10     | Noticed a +0 dagger
 16231 | D:10     | Noticed a +0 short sword
 16251 | D:10     | Found a hide-covered altar of Uskayaw.
 16252 | D:10     | Noticed a +0 dagger
 16252 | D:10     | Noticed a +0 spear
 16253 | D:10     | Noticed a +0 falchion
 16254 | D:10     | Noticed a +0 falchion
 16254 | D:10     | Noticed a +0 short sword
 16312 | D:10     | Received a gift from Okawaru
 16564 | D:10     | Found Ame Jiy's Jewellery Shoppe.
 16578 | D:10     | Reached XP level 11. HP: 66/92 MP: 14/14
 17511 | D:10     | Noticed Harold
 17800 | D:9      | Reached skill level 5 in Long Blades
 17873 | D:10     | Killed Harold
 17873 | D:10     | Received a gift from Okawaru
 18060 | D:10     | Found a staircase to the Orcish Mines.
 18152 | D:10     | Found a sacrificial altar of Ru.
 18285 | D:11     | Found Todgheica's Assorted Antiques.
 18812 | D:11     | Found Nigacw's Magic Scroll Shop.
 18876 | D:11     | Bought a scroll of identify for 30 gold pieces
 18876 | D:11     | Bought a scroll of identify for 30 gold pieces
 19039 | D:11     | Found a staircase to the Lair.
 19142 | D:11     | Found Venluat's Antique Weapon Boutique.
 19238 | D:11     | Noticed a boulder beetle
 19256 | D:11     | Killed a boulder beetle
 19492 | D:11     | Found Qaogo's Assorted Antiques.
 20244 | Lair:1   | Entered Level 1 of the Lair of Beasts
 20584 | Lair:1   | Noticed a five-headed hydra
 20629 | Lair:1   | Killed a five-headed hydra
 20630 | Lair:1   | Reached XP level 12. HP: 32/103 MP: 14/16
 21106 | Lair:1   | You fall into a shaft and drop 1 floor!
 21478 | Lair:1   | Identified the +2 leather armour "Ehicsih" {rN+}
 22426 | D:11     | Bought a glowing buckler for 165 gold pieces
 22618 | Lair:2   | Found a staircase to the Shoals.
 22684 | Lair:2   | Reached skill level 1 in Shields
 23303 | Lair:3   | Found a frozen archway.
 23312 | IceCv    | Entered an ice cave
 25412 | IceCv    | Received a gift from Okawaru
 25632 | IceCv    | Identified the amulet "Jytirotu" {RegenMP rN+ Str+4}
 25640 | IceCv    | Got the Grimoire of Transformation and Feathers
 25846 | Lair:3   | Noticed a boulder beetle
 25915 | Lair:3   | Killed a boulder beetle
 25915 | Lair:3   | Received a gift from Okawaru
 25917 | Lair:3   | Found an ornate altar of the Wu Jian Council.
 25917 | Lair:3   | Found a hide-covered altar of Uskayaw.
 26717 | Lair:4   | Reached XP level 13. HP: 111/111 MP: 18/18
 26864 | Lair:4   | Noticed Snorg
 26880 | Lair:4   | Killed Snorg
 27017 | Lair:4   | Found a dark tunnel.
 27026 | Lair:4   | HP: 1/112 [hell hound/blast of flame (17)]
 27042 | Volcano  | Entered a volcano
 27890 | Volcano  | Reached skill level 10 in Fighting
 28051 | Volcano  | Noticed a fire dragon
 28066 | Volcano  | HP: 2/113 [sun demon (10)]
 28810 | Volcano  | Killed a fire dragon
 28810 | Volcano  | Received a gift from Okawaru
 29107 | Lair:4   | Found a hole to the Spider Nest.
 29200 | Lair:4   | Received a gift from Okawaru
 30035 | Lair:5   | Received a gift from Okawaru
 30363 | Lair:5   | Received a gift from Okawaru
 30556 | Lair:5   | Reached XP level 14. HP: 122/122 MP: 20/20
 30818 | Lair:5   | Received a gift from Okawaru
 31356 | Lair:6   | Entered Level 6 of the Lair of Beasts
 32020 | Orc:1    | Entered Level 1 of the Orcish Mines
 32204 | Orc:2    | Entered Level 2 of the Orcish Mines
 32394 | Orc:2    | Received a gift from Okawaru
 32395 | Orc:2    | Reached skill level 10 in Invocations
 32479 | Orc:2    | Found a staircase to the Elven Halls.
 33548 | Orc:1    | Found a runed translucent gate.
 33548 | Orc:1    | Found a runed translucent gate.
 33549 | Orc:1    | Found a runed translucent gate.
 33549 | Orc:1    | Noticed unlimited1921's ghost (journeyman GnAM)
 33549 | Orc:1    | Noticed an orc warlord
 33577 | Orc:1    | Found an iron altar of Okawaru.
 33764 | Orc:2    | Noticed Saint Roka
 33814 | Orc:1    | Received a gift from Okawaru
 34525 | Orc:2    | Killed Saint Roka
 34798 | Orc:2    | Paralysed by an orc sorcerer for 4 turns
 36697 | Orc:2    | Found Xaetisua's Antique Armour Emporium.
 36716 | Orc:2    | Found Seupyit's Book Emporium.
 36745 | Orc:2    | Found Pepn's Antique Weapon Emporium.
 36760 | Orc:2    | Found Ynanniwn's General Store.
 36802 | Orc:2    | Reached skill level 10 in Evocations
 36813 | Orc:2    | Received a gift from Okawaru
 37444 | Orc:2    | Bought a scroll of blinking for 120 gold pieces
 37444 | Orc:2    | Bought a scroll of teleportation for 48 gold pieces
 37444 | Orc:2    | Bought a scroll of acquirement for 832 gold pieces
 37444 | Orc:2    | Acquired a manual of Axes
 38514 | D:12     | Found the +3 sling "Punk" {acid, rCorr}
 39307 | D:12     | Reached skill level 1 in Slings
 39334 | D:12     | Noticed a stone giant
 39334 | D:12     | Noticed a storm dragon
 39340 | D:12     | Reached XP level 15. HP: 117/130 MP: 19/21
 40730 | D:12     | Identified the +2 ring mail of the Past {rC+ Int+6}
 40804 | D:12     | Killed a storm dragon
 41070 | D:10     | Bought a ring of protection from fire for 350 gold pieces
 42086 | D:13     | Reached skill level 5 in Slings
 42086 | D:13     | Reached XP level 16. HP: 139/139 MP: 23/23
 42681 | D:13     | Found a gate to the Vaults.
 43075 | D:13     | Found Leituaza's General Store.
 43958 | D:14     | Noticed Rupert
 43958 | D:14     | Paralysed by Rupert for 6 turns
 43981 | D:14     | Paralysed by Rupert for 4 turns
 44000 | D:14     | HP: 3/139 [Rupert (6)]
 44005 | D:14     | Demolished by Rupert

Illustrated notes

Levels and vault maps discovered:
D:1:      psy_arrival_fountain, layout_basic,
          shapermc_ecumenical_altar_rom_forum, chequers_serial_rivers_large_a
D:2:      layout_loops_corners, serial_undead, serial_undead_e, serial_undead_e,
          serial_undead_f, serial_undead_c
D:3:      kennysheep_the_goblin_king, layout_loops_corners,
          mainiacjoe_overflow_large_starburst, wad_orctagon
D:4:      layout_cave_pools, serial_shops, nicolae_shop_waterfront,
          serial_rivers, chequers_serial_rivers_marsh,
          chequers_serial_rivers_micro_d, chequers_serial_rivers_marsh,
          chequers_serial_rivers_room_b, uniq_robin, uniq_grinder
D:5:      layout_loops_ring, minmay_temple_entry_grid, gup_ossuary_entry_pyramid
D:6:      layout_loops_ring
D:7:      cheibrodos_helix_gallery, layout_cave_pools
D:8:      layout_rooms, uniq_grum, uniq_joseph, uniq_maggie, uniq_gastronok
D:9:      layout_basic, old_standard_altar, minmay_misc_feat_roman
D:10:     layout_loops_ring, ashenzari_conservatory_becter,
          mainiacjoe_overflow_24_doors, nicolae_uskayaw_en_pointe, david_orc_4,
          serial_shops, nicolae_shop_waterfront, uniq_harold
D:11:     layout_stronghold, erik_lair_island, serial_shops,
          nicolae_lakefront_shop, nicolae_shop_window_shopping, shop_fountains,
          nicolae_stop_n_shop_1
D:12:     minmay_octo_star, layout_basic
D:13:     layout_loops_ring, erik_vaults_1, minmay_shop_grid_forest
D:14:     layout_roguey [special_room_bee], serial_shops,
          nicolae_shop_competitors_out_of_business, lemuel_round_altar,
          uniq_rupert
Temple:   eino_temple_rhombus
Lair:1:   layout_misc_corridors, cheibrodos_lair_lostbears
Lair:2:   layout_long_grid, minmay_shoals_entry_centaurs, grunt_megastairs_4
Lair:3:   layout_gridlike, portal_ice_cave_entry_pillars_2,
          nzn_masters_of_martial_movement, minmay_lair_oklob_chamber,
          grunt_megastairs_3
Lair:4:   layout_regular_city, spider_nest_entry_rubble, enter_volcano_3,
          minmay_lair_oklob_bushes, uniq_snorg
Lair:5:   layout_long_grid
Lair:6:   evil_forest, layout_concentric_octagons,
          dpeg_slime_entry_enclosed_altar, chequers_serial_rivers_small_b,
          serial_bayou_shore_a, grunt_megastairs_5
Orc:1:    layout_diamond_mine, gammafunk_ghost_fury_of_okawaru
Orc:2:    grunt_orc_cross, layout_caves, basic_altar, minmay_orc_temple_a

Skill      XL: |  1  2  3  4  5  6  7  8  9 10 11 12 13 14 15 16 |
---------------+-------------------------------------------------+-----
Armour         | 2 3 4 5 6 7 8 |  8.3
Evocations     | 3 4 5 6 7 8 9 10 | 10.5
Fighting       | 2 3 4 5 6 7 8 9 10 11 | 11.9
Throwing       | 1 2 3 4 5 6 7 8 9 |  9.5
Short Blades   | 1 2 3 |  3.0
Dodging        | 1 2 3 4 5 6 7 8 |  8.1
Invocations    | 1 3 5 7 8 9 10 11 | 11.0
Long Blades    | 2 3 4 5 6 8 9 |  9.4
Shields        | 2 4 |  4.0
Slings         | 1 5 |  5.9
Stealth        | |  1.1

Action                   |  1- 3 |  4- 6 |  7- 9 | 10-12 | 13-15 | 16-18 || total
-------------------------+-------+-------+-------+-------+-------+-------++-------
Melee: Club              |   142 |       |       |       |       |       ||   142
       Falchion          |    13 |    31 |   137 |       |       |       ||   181
       Dagger            |     8 |   298 |    66 |    64 |   110 |    15 ||   561
       Scimitar          |       |       |   167 |   726 |  1114 |   112 ||  2119
 Fire: Fustibalus        |       |       |       |       |    15 |     7 ||    22
Throw: Dart              |       |     3 |     5 |    14 |    31 |       ||    53
       Javelin           |       |       |    10 |       |    34 |     5 ||    49
       Boomerang         |       |       |       |    15 |    17 |       ||    32
Invok: Heroism           |       |       |     2 |     8 |    14 |       ||    24
       Finesse           |       |       |       |     4 |     9 |       ||    13
Evoke: Wand              |     1 |       |    17 |    20 |    21 |     4 ||    63
       Lightning rod     |       |       |       |       |       |     3 ||     3
  Use: Scroll            |       |       |    14 |    12 |     8 |     2 ||    36
       Potion            |       |       |       |     1 |     3 |       ||     4
 Stab: Sleeping          |       |     2 |       |       |       |       ||     2
       Distracted        |       |       |       |     1 |       |       ||     1
       Paralysed         |       |       |       |       |    11 |       ||    11
Armor: Leather armour    |    76 |    54 |       |       |       |       ||   130
       Scale mail        |       |   101 |   155 |       |       |       ||   256
       Swamp dragon scal |       |       |     6 |   428 |    41 |       ||   475
       Chain mail        |       |       |       |       |   551 |       ||   551
       Steam dragon scal |       |       |       |       |    20 |       ||    20
       Storm dragon scal |       |       |       |       |    46 |   139 ||   185
Dodge: Dodged            |   110 |   190 |   164 |   638 |   481 |    89 ||  1672
Block: Buckler           |       |       |       |    69 |   308 |    26 ||   403
       Reflection        |       |       |       |       |     3 |     4 ||     7
       Rpst.: Falchion   |     1 |    10 |    14 |       |       |       ||    25
       Scimitar          |       |       |    24 |   149 |   118 |    16 ||   307
